woodfighter, chaotic female sylph Ranger ----------------------- --------------------------- ----------------- |.....................| |...|.........|...........| |.......|.....|.| |.-----...---------.-.|---|.--|...-----.|.-----.------- |.|.---.|.---.|.| |.|.......|...........|...|...|...|.....|.|...|.|.....| |.|...|...|.....| |.|.-------.-.---------...---.|--.|.-----.|.|.|.|.|.--| --|.---.|.-------.| |.|.|...|.....................| |.|.........|.|...|...| |.|...|.|.|**...|.| ---.|.---.---.-----....*..---.--|.|.|.-----------.|--.--- |.---.|.--|.....-.| |...|.....|.....|...............|.|.|.|.........|.|.....| |...|.|...|*....|.| |.--|.---.|.).^.|.-----.....^.--|.|.--|Z.+.e....|.|.---.|-|.|.|.|--.|------.| |...|...|.|..{..|.....|.......| |.|..%@)*))<....|.|.|...|.|.|...|...|.......| |.|.|.|.|.|..%..|--.-.|^..-------.|---|.........|--.|--.|.|.|----.---.------| |.|...|.|.|.....|.|......%....|...|...|.........|...| |.....|.....|...|.....| ------|.|----.---.|.---...---.|.-.|.------------|.----|...---.-----.-----.|.| --|..|.|.....|.....|.....| |.....|.............|.....|...|...| |.....| |.|.| |.-*.|.|.|.|.|----.|.----- -----.|.-.-----.---.-----.|.*.|.|.| -----.---.|-- |-|(.|.|.|.|.|.......| |...|...|.......|.......|...|.|.| |.......| |^-..|.|.|.|.|.---.--- |..^-----.-----.---...{.|.-.|.|.| --------- --|........|.......| |.........| |...%.......|.....|.| ------------------ ----------- --------------------- woodfighter the Trailblazer Experience level: 9 Strength: 16 Dexterity: 15 Constitution: 16 Intelligence: 14 Wisdom: 16 Charisma: 8 Health: 0(64) Energy: 65(65) Def: 4 Gold: 0 Moves: 16908 Dungeon seed: eJ06eWI3DSIKrITZ Game ID: woodfighter_1471288805 Your Inventory: Amulets k - an uncursed amulet of reflection (being worn) Weapons a - a +2 bow (weapon in hand) b - 34 +2 arrows (in quiver) d - 39 +0 arrows Armor n - a blessed fireproof +0 cloak of magic resistance (being worn) Comestibles L - an uncursed cream pie T - 6 uncursed cram rations Z - 4 uncursed lembas wafers Wands i - a wand of digging (0:7) j - a wand of fire (0:7) Tools x - an uncursed stethoscope y - an uncursed skeleton key F - an uncursed magic lamp (lit) M - a +0 pick-axe Gems e - an uncursed luckstone Spells and supernatural/magical abilities: Name Level Category Fail Memory W - pray for help -- divine ? -- Your skills at the end: Miscellaneous Skills wands [Basic] Weapon Skills dagger [Basic] bow [Skilled] Spellcasting Skills Final Attributes: You were piously aligned. You were magic-protected. You saw invisible. You had automatic searching. You had infravision. You were displaced. You were stealthy. You were protected. You were protected from shape changers. You were fast. You had reflection. You were lucky. You had extra luck. Bad luck did not time out for you. Good luck did not time out for you. You are dead. Vanquished creatures: 2 vampires 2 giant mimics 2 stalkers a giant mummy a winter wolf a small mimic an ettin mummy 2 pyrolisks a flaming sphere a dwarf king a chameleon 2 leocrottas 2 elf mummies a human mummy 2 pythons a wraith an ettin zombie a panther 5 leprechauns 3 spotted jellies 3 giant spiders an iron piercer 2 ice vortices 2 gnome kings a dwarf mummy a rust monster 2 owlbears a gold golem 2 dogs 2 dingos 2 jaguars a dwarf lord 2 water nymphs 2 dust vortices 2 gnome mummies 4 human zombies a fire ant a baby crocodile a wood nymph 2 Uruk-hai a rock mole 2 ponies a fog cloud 3 yellow lights 2 shriekers a violet fungus 18 gnome lords 6 gnomish wizards 3 kobold mummies 2 red naga hatchlings a black naga hatchling a guardian naga hatchling 4 elf zombies 5 ghouls a paper golem 4 giant ants 2 little dogs 4 floating eyes 5 kittens 21 dwarves 2 kobold lords 2 kobold shamans 11 iguanas 2 hill orcs 4 rothes 3 centipedes a giant bat 6 orc zombies 3 dwarf zombies a wererat a werejackal 5 killer bees a coyote 2 gas spores 4 hobbits 6 acid blobs 4 large kobolds 6 geckos a hobgoblin 9 giant rats 11 cave spiders a brown mold a yellow mold 3 green molds 61 gnomes 6 garter snakes 12 manes 15 jackals 11 foxes 4 kobolds 18 newts 3 goblins 12 sewer rats 16 grid bugs 3 bats 15 lichens 4 kobold zombies 425 creatures vanquished. Voluntary challenges: You were vegetarian. You had followed a strict vegan diet until turn 3548. You used a wielded weapon 16 times, starting on turn 831. You did not apply a unicorn horn. You read items or engraved 6 times, starting on turn 10109. You never genocided any monsters. You never polymorphed an object. You never changed form. You cheated 4 times but completed Sokoban on turn 12077. You used 1 wish, starting on turn 14405. You did not wish for any artifacts. You never split a pudding. You never wrote Elbereth's name. You never violated your personal moral code. Dungeon overview: The Dungeons of Doom: levels 1 to 6 Level 1 an altar to Mercury a long staircase Level 2 a fountain Level 3 (-) a general store, some fountains Level 4 (-) a fountain stairs to The Gnomish Mines Level 5 (oracle + locked chest) many fountains Level 6 stairs to Sokoban The Gnomish Mines: levels 5 to 13 Level 5 (locked chest) stairs to The Dungeons of Doom Level 6 Level 7 Level 8 many shops, a temple to Venus, a magic chest, some fountains Level 9 Level 10 Level 11 Level 12 Level 13 <- You were here a magic chest, some fountains Sokoban: levels 2 to 5 Level 2 a magic chest Level 3 Level 4 Level 5 a magic chest stairs to The Dungeons of Doom History has recorded: On T:1 you entered the Dungeons of Doom to retrieve the Amulet of Yendor! On T:229 you reached level 2 of The Dungeons of Doom. On T:829 you advanced to experience level 2. On T:921 you reached level 3 of The Dungeons of Doom. On T:1244 you advanced to experience level 3. On T:1298 you advanced to experience level 4. On T:1527 you reached level 4 of The Dungeons of Doom. On T:1550 you reached level 5 of The Dungeons of Doom. On T:1634 you reached level 6 of The Dungeons of Doom. On T:1735 you advanced to experience level 5. On T:2068 you reached level 4 of Sokoban. On T:2145 you opened a magic chest. On T:2146 you opened a magic chest. On T:2146 you opened a magic chest. On T:2240 you opened a magic chest. On T:4423 you advanced to experience level 6. On T:5557 you reached level 1 of The Gnomish Mines. On T:5821 you advanced to experience level 7. On T:6196 you reached level 2 of The Gnomish Mines. On T:8786 you advanced to experience level 8. On T:8792 you opened a magic chest. On T:8793 you opened a magic chest. On T:9027 you opened a magic chest. On T:9050 you reached level 3 of Sokoban. On T:9632 you reached level 2 of Sokoban. On T:10576 you reached level 1 of Sokoban. On T:12077 you entered the Sokoban zoo. On T:12177 you opened a magic chest. On T:12352 you opened a magic chest. On T:13288 you reached level 3 of The Gnomish Mines. On T:13564 you reached level 4 of The Gnomish Mines. On T:13771 you reached level 5 of The Gnomish Mines. On T:14367 you entered the Minetown temple On T:14399 you opened a magic chest. On T:14400 you opened a magic chest. On T:14405 you wished for "+3 greased fixed blessed cloak of magic resistance". On T:14408 you opened a magic chest. On T:14445 you advanced to experience level 9. On T:14515 you opened a magic chest. On T:14538 you opened a magic chest. On T:14539 you opened a magic chest. On T:14607 you opened a magic chest. On T:14695 you opened a magic chest. On T:14696 you opened a magic chest. On T:14924 you opened a magic chest. On T:14925 you opened a magic chest. On T:14926 you opened a magic chest. On T:14961 you opened a magic chest. On T:14962 you opened a magic chest. On T:15018 you reached level 6 of The Gnomish Mines. On T:15368 you reached level 7 of The Gnomish Mines. On T:15975 you reached level 8 of The Gnomish Mines. On T:16199 you reached level 9 of The Gnomish Mines. On T:16199 you reached the bottom of the Mines. On T:16293 you opened a magic chest. On T:16825 you opened a magic chest. Score breakdown: Gold: 0 ( 0 points) Experience: 9 levels ( 800 points) Exploration: 13 levels ( 360 points) Discoveries: 15 items ( 750 points) Variety of kills: 97 monsters ( 2000 points) Major goal: Sokoban/Mines ( 1500 points) Survival: died (score multiplied by 3) Total score: 16230 Latest messages: You shoot 2 arrows. The 1st arrow hits the giant mummy. The 2nd arrow hits the giant mummy. The giant mummy scratches you! (2x) You shoot 3 arrows. The 1st arrow hits the giant mummy! The 2nd arrow hits the giant mummy! The 3rd arrow hits something! You destroy the giant mummy! You shoot 2 arrows. The 1st arrow hits the ettin mummy! The 2nd arrow hits the ettin mummy! You shoot 3 arrows. The 1st arrow hits the ettin mummy! The 2nd arrow hits the ettin mummy! The 3rd arrow hits the ettin mummy! The ettin mummy scratches you! (2x) You destroy the ettin mummy! b - 14 +2 arrows (in quiver). There are several more objects here. b - 6 +2 arrows (in quiver). The elf zombie scratches you! You die... Final status: Goodbye woodfighter the Ranger, killed by an elf zombie... You died in The Gnomish Mines on dungeon level 13 with 16230 points, and 0 pieces of gold, after 16908 moves. You were level 9 with a maximum of 64 hit points when you died.